AoeStats
← Kaiser Ze

Fortress

509296233Analyzed
4v4 RM · 6d ago on Sep 26, 2026· 41m 32s· 8 players
Game mode
Random Map
Map size
Huge
Population
200
Speed
Normal
Resources
Standard
Victory
Conquest
Starting age
Dark Age
Ending age
Imperial Age
RankedLock teamsTeams togetherTeam positionsShared explorationLock speedFull tech treeHidden civsTurbo modeCheats
Victory
Defeat
1449
+16
🇨🇳 Koreans · China
1444
+16
🇨🇳 Franks · China
1410
+18
🇨🇳 Bulgarians · China
1387
+19
🇱🇻 Malay · Latvia
1486
-19
🇮🇳 Franks · India
1451
-17
🇮🇹 Khmer · Italy
1433
-17
🇹🇼 Turks · Taiwan
1414
-16
b09581270
7:57 Feudal Age
11:39 Castle Age
9:32 Double-Bit Axe
10:34 Gold Mining
12:27 Wheelbarrow
16:13 Imperial Age
14:27 Padded Archer Armor
15:09 Loom
16:11 Leather Archer Armor
17:01 Horse Collar
29:00 Bow Saw
30:17 Gold Shaft Mining
30:59 Hand Cart
31:49 Ring Archer Armor
31:13 Horse Collar
35:25 Two-Man Saw
36:46 Conscription
36:51 Elite Janissary
37:33 Town Watch
39:01 Ballistics
40:28 Fletching
Maverick
7:48 Feudal Age
11:33 Castle Age
10:06 Double-Bit Axe
12:47 Bow Saw
15:54 Loom
19:35 Wheelbarrow
19:54 Scale Barding Armor
19:59 Forging
21:02 Husbandry
22:24 Chain Barding Armor
22:40 Iron Casting
22:31 Gold Mining
24:11 Gold Shaft Mining
27:17 Imperial Age
26:20 Hand Cart
27:23 Cavalier
28:41 Chivalry
29:01 Conscription
29:29 Plate Barding Armor
29:12 Paladin
31:08 Blast Furnace
35:34 Caravan
GdR_Salinaro
7:38 Feudal Age
10:46 Castle Age
9:03 Double-Bit Axe
12:02 Wheelbarrow
12:13 Bow Saw
14:05 Stone Mining
14:57 Horse Collar
19:43 Gold Mining
27:05 Imperial Age
24:22 Loom
24:23 Town Watch
25:21 Hand Cart
25:48 Forging
25:44 Scale Barding Armor
25:39 Scale Mail Armor
26:42 Gold Shaft Mining
26:43 Stone Shaft Mining
27:10 Iron Casting
26:27 Fletching
28:11 Conscription
28:24 Chain Barding Armor
28:53 Double Crossbow
29:20 Bloodlines
29:11 Husbandry
29:04 Pikeman
30:50 Chemistry
30:01 Masonry
30:46 Chain Mail Armor
31:31 Blast Furnace
30:28 Bodkin Arrow
33:10 Plate Barding Armor
34:16 Halberdier
35:12 Capped Ram
37:16 Siege Ram
Liangyu
10:21 Feudal Age
9:09 Loom
13:17 Castle Age
11:06 Horse Collar
11:14 Double-Bit Axe
11:26 Gold Mining
13:27 Coinage
13:41 Wheelbarrow
31:00 Hand Cart
31:05 Heavy Plow
36:25 Caravan
Kaiser Ze
7:15 Feudal Age
11:17 Castle Age
9:05 Double-Bit Axe
12:55 Bow Saw
13:22 Wheelbarrow
20:14 Hand Cart
25:11 Imperial Age
23:02 Loom
23:33 Husbandry
24:32 Scale Barding Armor
24:38 Forging
25:13 Chain Barding Armor
24:52 Town Watch
25:34 Gold Mining
26:29 Iron Casting
25:35 Cavalier
26:41 Conscription
27:25 Plate Barding Armor
29:00 Paladin
32:11 Gold Shaft Mining
33:52 Blast Furnace
36:18 Stone Mining
36:57 Caravan
39:39 Town Patrol
40:13 Coinage
你可以打我队友吗
7:33 Feudal Age
11:11 Castle Age
9:32 Double-Bit Axe
9:59 Horse Collar
12:19 Bow Saw
16:19 Loom
16:43 Heavy Plow
17:07 Gold Mining
17:26 Fletching
18:33 Wheelbarrow
19:33 Bodkin Arrow
20:58 Ballistics
25:55 Imperial Age
23:46 Padded Archer Armor
23:53 Treadmill Crane
25:16 Masonry
25:30 Leather Archer Armor
25:05 Pikeman
25:46 Squires
26:08 Stone Mining
26:54 Gold Shaft Mining
26:45 Bracer
29:28 Chemistry
28:34 Siege Engineers
28:25 Murder Holes
28:56 Conscription
30:14 Ring Archer Armor
30:18 Elite Longbowman
31:04 Scale Mail Armor
31:15 Forging
31:34 Halberdier
32:31 Chain Mail Armor
34:29 Plate Mail Armor
36:50 Coinage
37:08 Iron Casting
37:25 Hand Cart
41:16 Yeomen
40:58 Warwolf
42:31 Blast Furnace
42:04 Caravan
42:35 Banking
st9901544
8:11 Feudal Age
12:22 Castle Age
10:09 Loom
11:25 Double-Bit Axe
11:54 Scale Mail Armor
12:05 Forging
11:52 Gold Mining
14:00 Chain Mail Armor
14:31 Gambesons
22:23 Horse Collar
33:36 Imperial Age
33:50 Imperial Age
31:38 Squires
32:37 Arson
33:32 Iron Casting
33:59 Fletching
34:10 Padded Archer Armor
33:55 Elite Konnik
35:09 Scale Barding Armor
36:05 Blast Furnace
35:11 Stirrups
40:27 Plate Mail Armor
乌合之众
7:55 Feudal Age
11:45 Castle Age
10:21 Double-Bit Axe
11:37 Loom
14:48 Fletching
20:27 Bow Saw
26:08 Wheelbarrow
26:15 Bodkin Arrow
31:00 Imperial Age
30:12 Ballistics
30:15 Pikeman
31:57 Husbandry
36:12 Conscription
35:37 Capped Ram
37:33 Elite Fire Lancer
40:07 Scale Mail Armor
40:08 Bracer
39:56 Heavy Rocket Cart
Connection lost

Rejoining the realm…

Still unreachable

The connection could not be restored.

Session expired

The server has moved on; the page needs a fresh start.